 Dungeon Crawl Stone Soup version 0.25-a0-1079-g858b6a6ff6 (webtiles) character file.

Game seed: 7277510931925744989, levelgen mode: deterministic

13 Gwenloh the Grasshopper (level 2, 0/19 HPs)
             Began as a Halfling Warper on May 15, 2020.
             Slain by an adder (2 damage)
             ... on level 2 of the Dungeon.
             The game lasted 00:04:02 (1239 turns).

Gwenloh the Grasshopper (Halfling Warper)           Turns: 1239, Time: 00:04:03

Health: 0/19       AC:  3    Str: 12    XL:     2   Next: 50%
Magic:  3/4        EV: 14    Int: 11    God:
Gold:   29         SH:  0    Dex: 13    Spells: 0/4 levels left

rFire    . . .     SeeInvis .   a - +0 short sword
rCold    . . .     Gourm    .   (shield restricted)
rNeg     . . .     Faith    .   b - +0 leather armour
rPois    .         Spirit   .   (no helmet)
rElec    .         Reflect  .   (no cloak)
rCorr    .         Harm     .   (no gloves)
MR       .....                  (no boots)
Stlth    +.........             (no amulet)
HPRegen  0.06/turn              (no ring)
MPRegen  0.09/turn              (no ring)

@: lethally poisoned (0 -> -4)
A: small, mutation resistance 1
a: no special abilities


You were on level 2 of the Dungeon.
You were not hungry.

You visited 1 branch of the dungeon, and saw 2 of its levels.

You collected 29 gold pieces.

Inventory:

Hand Weapons
 a - a +0 short sword (weapon)
Missiles
 g - 16 stones (quivered)
 q - 25 sling bullets
Armour
 b - a +0 leather armour (worn)
Jewellery
 m - a cursed ring of teleportation {unknown}
Scrolls
 d - a scroll of blinking
 h - a scroll of amnesia {unknown}
 k - a scroll of fear {unknown}
 l - 2 scrolls of identify {unknown}
 n - a scroll of fog {unknown}
Potions
 c - a potion of heal wounds {unknown}
 i - a potion of flight {unknown}
 j - a potion of invisibility {unknown}
 o - 2 potions of brilliance {unknown}
 p - a potion of might {unknown}
Comestibles
 f - 2 rations
 r - 2 chunks of flesh


   Skills:
 - Level 1.7 Fighting
 + Level 3.0 Short Blades
 - Level 1.0 Throwing
 - Level 1.1 Armour
 + Level 2.5 Dodging
 - Level 1.5 Spellcasting
 + Level 0.2 Charms
 * Level 3.4 Translocations


You couldn't memorise any spells.
You knew the following spells:

 Your Spells              Type           Power        Failure   Level  Hunger
a - Blink                 Tloc           N/A          14%         2    ###....
b - Shroud of Golubria    Chrm/Tloc      #.....       28%         2    ###....

Your spell library contained the following spells:

 Spells                   Type           Power        Failure   Level  Hunger
 Gell's Gravitas          Tloc           #.........   28%         3    ####...
 Lesser Beckoning         Tloc           #.........   28%         3    ####...
 Teleport Other           Tloc           #.......     28%         3    ####...
 Passage of Golubria      Tloc           N/A          67%         4    #####..


Dungeon Overview and Level Annotations

Branches:
Dungeon (2/15)

Altars:


Innate Abilities, Weirdness & Mutations

You are small and have problems with some larger weapons.
You are somewhat resistant to further mutation.


Message History

Press: ? - help, Shift-Dir - straight line, f/p - adder
Aim: an adder (heavily wounded)
You throw a boomerang of dispersal.
The boomerang of dispersal closely misses the adder.
The adder misses you. x2
Throwing (i - inventory)
g - 18 stones (quivered)
Press: ? - help, Shift-Dir - straight line, f/p - adder
Aim: an adder (heavily wounded)
You throw a stone. The stone hits the adder.
The adder is heavily wounded.
The adder misses you.
Throwing (i - inventory)
g - 17 stones (quivered)
Press: ? - help, Shift-Dir - straight line, f/p - adder
Aim: an adder (heavily wounded)
You throw a stone.
The stone hits the adder but does no damage.
The adder is heavily wounded.
* * * LOW HITPOINT WARNING * * *
You feel sick. The adder closely misses you. The adder bites you.
You die...

#.. #.# #.#### #
#.#.. .. .
#.#.#####...
....####.#.#.......
.......S.....>#....
.....#.#.#S#.......
... #.#.#@).......
. #.#.#.#.....#.
#S#.........#
#.###..#.#..# #.
#..#.# .# #. #..#.#
# #..# . #... .


You could see an adder.

Vanquished Creatures
  3 bats (D:1)
  A giant cockroach (D:1)
  2 goblins (D:1)
  2 hobgoblins
  A frilled lizard (D:1)
  A kobold (D:1)
  3 rats (D:1)
13 creatures vanquished.

Notes
Turn   | Place    | Note
-------+----------+-------------------------------------------
     0 | D:1      | Gwenloh the Halfling Warper began the quest for the Orb.
     0 | D:1      | Reached XP level 1. HP: 14/14 MP: 3/3
   380 | D:1      | Reached XP level 2. HP: 15/19 MP: 4/4
   448 | D:1      | Learned a level 2 spell: Blink
   451 | D:1      | Learned a level 2 spell: Shroud of Golubria
  1239 | D:2      | Slain by an adder

Illustrated notes

Levels and vault maps discovered:
D:1:      heliophobic_arrival_glass_houses, layout_loops_ring
D:2:      layout_basic, kennysheep_ying_yang, nicolae_tso_carved_into_rock,
          first_ration

Skill      XL: |  1 |
---------------+----+-----
Short Blades   | 3 |  3.0
Fighting       | |  1.7
Throwing       | |  1.0
Armour         | |  1.1
Dodging        | |  2.5
Spellcasting   | |  1.5
Charms         | |  0.2
Translocations | |  3.4

Action                   || total
-------------------------++-------
Melee: Short sword       ||    65
Throw: Boomerang         ||     5
       Stone             ||     2
 Cast: Shroud of Golubri ||     1
  Eat: Chunk             ||     1
Armor: Leather armour    ||    17
Dodge: Dodged            ||    52

Table legend:
 A = Non-vault XP
 B = Vault XP
 C = Vault XP percentage of total XP
 D = Non-vault monster count
 E = Vault monster count
 F = Vault count percentage of total count
                 A         B        C        D         E       F
            +---------+---------+-------+---------+---------+-------
      Total |      19 |       0 |   0.0 |      13 |       0 |   0.0
            +---------+---------+-------+---------+---------+-------
        D:1 |      17 |       0 |   0.0 |      12 |       0 |   0.0
        D:2 |       2 |       0 |   0.0 |       1 |       0 |   0.0
            +---------+---------+-------+---------+---------+-------
